Unix NetHack Version 3.7.0-101 Work-in-progress - last build Mar 4 2024 13:34:30 (3c4ac04b664b9ee0831c739617f054b5b60dbfd1,branch:master). Game began 2024-03-13 17:20:52, ended 2024-03-14 13:52:05. misanthrope, neutral male human Wizard --------------- $ ---- |.............-- ----####0### ---- ---- |..-- # |..----------..---...| --.-# |..-- |..| --...| # ---- -----|........-- |..^-# ---...| |..| --....##(## |..|.|.........----....|)# |...^.-- |.----- |.....)-- $ |.....).[.#-.....|.....--###-......| |.||..-- |.......--- $ |<.....)...|..............^...--..-| |.---..| |-...*....---- |.....[..-.|....>).--.).---#---|...| |......| |............| --...%.))).........|...-- # |.-.------*.---.| #-..--.......| |(.%..*......@......--- ##|......||...| |.|# --.||......-- ---- |..--........C..----- #--.--.|-.|.--|(#- --.|---.---- |..--- --..||..........-- ---- #-..|.|..|..--..| |..| --# |....| --..-----.------.| |.^-- * |.............|.---.-- # |....| ----...-- --- |.| |...| --.............|.....--------#----- --..----.......| |.|---...| |.....|.......---.................-- |..--........-- |.--.....| ----.----....-- |....----------....| --..........-- |^.......| $ --- |....| ---..| |....| ---------.-- -----.*--- ---.-- ---- ---.-- --- ---- --- --- Misanthrope the Thaumaturge St:25 Dx:14 Co:15 In:18 Wi:14 Ch:13 Neutral Dlvl:8 $:518 HP:0(66) Pw:86(101) AC:4 Xp:9/2666 T:8713 Latest messages: The forest centaur kicks! You hit the forest centaur! The forest centaur swings his bow. The forest centaur misses! The forest centaur kicks! The forest centaur swings his bow. The forest centaur hits! The forest centaur kicks! You miss the forest centaur. The forest centaur swings his bow. The forest centaur hits! The forest centaur just misses! You miss the forest centaur. The forest centaur swings his bow. The forest centaur hits! The forest centaur kicks! What do you want to use or apply? [ceklnpvIQ or ?*] In what direction? Status of the forest centaur (chaotic, large): Level 6 HP 15(32) AC 3. What do you want to drink? [ghrEHJ-LPTY or ?*] You feel better. The forest centaur swings his bow. The forest centaur hits! The forest centaur kicks! The forest centaur swings his bow. The forest centaur hits! The forest centaur kicks! In what direction? You feel better. The forest centaur swings his bow. The forest centaur hits! The forest centaur just misses! The forest centaur swings his bow. The forest centaur hits! The forest centaur kicks! In what direction? The spell misses the forest centaur. The forest centaur swings his bow. The forest centaur misses! The forest centaur kicks! In what direction? The spell misses the forest centaur. The forest centaur swings his bow. The forest centaur hits! The forest centaur kicks! The forest centaur swings his bow. The forest centaur hits! The forest centaur kicks! You die... Do you want your possessions identified? [ynq] (y) Inventory: Coins ('$') $ - 518 gold pieces Weapons (')') a - a blessed +1 quarterstaff (weapon in hands) Armor ('[') A - an uncursed +0 cornuthaum (being worn) F - an uncursed +0 pair of gauntlets of power (being worn) x - an uncursed +0 pair of elven boots (being worn) S - an uncursed +0 cloak of displacement b - an uncursed +0 cloak of magic resistance (being worn) B - an uncursed +0 studded leather armor (being worn) Comestibles ('%') t - 2 uncursed food rations D - an uncursed lembas wafer R - an uncursed lizard corpse Scrolls ('?') C - 2 uncursed scrolls of create monster W - a blessed scroll of fire j - an uncursed scroll of gold detection X - a blessed scroll of magic mapping s - an uncursed scroll of magic mapping o - a cursed scroll of magic mapping U - an uncursed scroll of taming y - an uncursed scroll of teleportation Potions ('!') T - an uncursed potion of acid g - an uncursed potion of blindness Y - an uncursed potion of booze H - an uncursed potion of fruit juice r - a cursed potion of fruit juice J - a blessed potion of see invisible E - a cursed potion of see invisible P - a blessed potion of sleeping L - an uncursed potion of speed h - 4 potions of holy water Rings ('=') Z - an uncursed ring of conflict q - a blessed +1 ring of increase damage d - an uncursed ring of poison resistance (on left hand) u - an uncursed ring of shock resistance Wands ('/') Q - an uncursed wand of light (0:13) Tools ('(') l - an uncursed magic lamp (lit) I - an uncursed magic marker (0:21) c - an uncursed magic whistle e - an uncursed +0 pick-axe k - an uncursed skeleton key named P3357 p - an uncursed stethoscope v - an uncursed towel named SIn n - an uncursed +0 unicorn horn Misanthrope the Wizard's attributes: Background: You were a Thaumaturge, a level 9 male human Wizard. You were neutral, on a mission for Thoth who was opposed by Ptah (lawful) and Anhur (chaotic). You were right-handed. You were in the Gnomish Mines, on level 8. You entered the dungeon 8713 turns ago. You had 2666 experience points, 2454 more were needed to attain level 10. Basics: You had 0 out of 66 hit points. You had 86 out of 101 energy points (spell power). Your armor class was 4. Your wallet contained 518 zorkmids. Autopickup was off. Final Characteristics: Your strength was 25 (base:13, peak:14, innate limit:18/100). Your dexterity was 14 (limit:18). Your constitution was 15 (limit:18). Your intelligence was 18 (limit:18). Your wisdom was 14 (limit:18). Your charisma was 13 (base:12, limit:18). Final Status: You weren't hungry. You were unencumbered. You were wielding a quarterstaff. You had expert skill with quarterstaff. Final Attributes: You were piously aligned. You were magic-protected. You were poison resistant. You saw invisible. You were clairvoyant. You were stealthy. You were warded. You were unlucky. You are dead. Miscellaneous: You never encountered a bones level. Total elapsed playing time was 2 hours, 33 minutes and 49 seconds. Major events: Turn 1: misanthrope the neutral male human Wizard entered the dungeon 1426: attained the rank of Conjurer (level 3) 2298: entered the Gnomish Mines 4051: attained the rank of Thaumaturge (level 6) 4872: reached Mine Town 8713: killed by a forest centaur Vanquished creatures: a golden naga a large mimic 2 small mimics a tengu an elf mummy a giant beetle a cockatrice 3 wolves a leprechaun an iron piercer a giant spider an ice vortex a black light 2 vampire bats a gnome ruler a Green-elf 2 lizards a dingo 2 blue jellies a white unicorn a dust vortex a plains centaur a gnome mummy a rope golem 4 Woodland-elves 2 mountain nymphs 2 Uruk-hai 2 rock piercers 4 rock moles a pony a shrieker 3 violet fungi 11 gnome leaders 6 gnomish wizards a ghoul a straw golem a floating eye 2 kittens 13 dwarves 2 kobold leaders 4 kobold shamans 10 rothes 2 centipedes a giant bat a monkey 3 iguanas 2 acid blobs a coyote a hobbit a manes 2 large kobolds a hobgoblin a giant rat 8 cave spiders a brown mold a yellow mold 3 green molds 45 gnomes a gnome zombie 6 geckos 11 jackals a fox 4 kobolds a goblin 2 sewer rats 7 grid bugs 2 bats 9 lichens a kobold zombie 11 newts 230 creatures vanquished. No species were genocided or became extinct. Voluntary challenges: You read items or engraved 10 times. You never engraved Elbereth. You never genocided any monsters. You never polymorphed an object. You never changed form. You used no wishes. Achievements: You entered a shop. You attained the rank of Conjurer. You entered the Gnomish Mines. You attained the rank of Thaumaturge. You entered Minetown. You entered a temple. The Dungeons of Doom: levels 1 to 7 Level 1: An altar. Level 2: "vault" A general store. Level 3: An altar, a grave. Level 4: A fountain. Stairs down to The Gnomish Mines. Level 5: A potion shop. Level 6: A general store. Level 7: The Gnomish Mines: levels 5 to 10 Level 5: Level 6: Level 7: A temple and an altar to Thoth, some fountains. Level 8: <- You were here. Final resting place for you, killed by a forest centaur. Level 9: Level 10: Game over: ---------- / \ / REST \ / IN \ / PEACE \ / \ | misanthrope | | 518 Au | | killed by a | | forest centaur | | | | | | 2024 | *| * * * | * _________)/\\_//(\/(/\)/\//\/|_)_______ Goodbye misanthrope the Wizard... You died in The Gnomish Mines on dungeon level 8 with 11601 points, and 518 pieces of gold, after 8713 moves. You were level 9 with a maximum of 66 hit points when you died.